 Dungeon Crawl Stone Soup version 0.27.0-1-g7a089689b8 (webtiles) character file.

Game seed: 2321136923713243591

19326 Lochraine the Fighter (level 12, -8/97 HPs)
             Began as a Mummy Gladiator on Aug 12, 2021.
             Was a Priest of Makhleb.
             Killed from afar by a rime drake (18 damage)
             ... with a flash freeze
             ... on level 3 of the Lair of Beasts.
             The game lasted 00:35:31 (16419 turns).

Lochraine the Fighter (Mummy Gladiator)            Turns: 16419, Time: 00:35:32

Health: -8/97      AC: 18    Str: 22    XL:     12   Next: 35%
Magic:  17/17      EV: 12    Int:  7    God:    Makhleb [***...]
Gold:   589        SH:  5    Dex: 14    Spells: 11/11 levels left

rFire    x x .     SeeInvis .   y - +0 short sword (drain)
rCold    + + .     Faith    .   (no shield)
rNeg     + + +     Spirit   .   j - +0 plate armour
rPois    ∞         Reflect  +   q - +0 helmet
rElec    .         Harm     .   n - +2 cloak {Stlth+}
rCorr    .         Rampage  .   (no gloves)
Will     +....                  (no boots)
Stlth    ..........             F - amulet of reflection
HPRegen  0.26/turn              k - ring of ice
MPRegen  0.15/turn              B - +4 ring of evasion

@: very slow
A: cold resistance 1, negative energy resistance 3, torment resistance 2, heat
vulnerability 1, no potions
a: Renounce Religion, Minor Destruction, Lesser Servant of Makhleb


You were on level 3 of the Lair of Beasts.
You worshipped Makhleb.
Makhleb was most pleased with you.
You visited 3 branches of the dungeon, and saw 12 of its levels.

You collected 589 gold pieces.

Inventory:

Hand Weapons
 a - a +0 long sword
 h - a +0 rapier of speed
   (You found it on level 1 of the Dungeon)
 r - a +0 dagger of pain
   (You took it off an orc wizard on level 4 of the Dungeon)
 y - a +0 short sword of draining (weapon)
   (You took it off an orc on level 5 of the Dungeon)
 D - a +3 short sword
   (You took it off a wight on level 7 of the Dungeon)
Missiles
 s - 30 poisoned darts (quivered)
 A - 3 boomerangs
 H - 3 throwing nets {!f}
Armour
 b - a +0 leather armour
 c - a +0 helmet
 e - a +0 ring mail
   (You found it on level 1 of the Dungeon)
 f - a +0 pair of boots
   (You found it on level 1 of the Lair of Beasts)
 j - a +0 plate armour (worn)
   (You found it on level 2 of the Dungeon)
 n - a +2 cloak of stealth (worn)
   (You acquired it on level 2 of the Lair of Beasts)
 q - a +0 helmet (worn)
   (You found it on level 4 of the Dungeon)
 G - a +0 pair of boots
   (You found it on level 8 of the Dungeon)
Jewellery
 k - a ring of ice (left hand)
   (You found it on level 2 of the Dungeon)
 l - an amulet of magic regeneration
   (You found it on level 2 of the Dungeon)
 x - a +4 ring of protection
   (You found it on level 5 of the Dungeon)
 z - a ring of flight
   (You found it on level 6 of the Dungeon)
 B - a +4 ring of evasion (right hand)
   (You took it off Edmund on level 4 of the Dungeon)
 F - an amulet of reflection (around neck)
   (You found it on level 8 of the Dungeon)
Wands
 d - a wand of iceblast (7)
   (You found it on level 2 of the Lair of Beasts)
 t - a wand of flame (30)
   (You took it off Edmund on level 4 of the Dungeon)
 u - a wand of paralysis (5)
   (You found it on level 4 of the Dungeon)
 v - a wand of digging (1)
   (You found it on level 6 of the Dungeon)
Scrolls
 g - 3 scrolls of vulnerability {!r}
 i - 3 scrolls of torment
 m - 3 scrolls of teleportation {@r4}
 o - 3 scrolls of noise {!r}
 p - 3 scrolls of enchant armour
 C - 2 scrolls of enchant weapon
 E - 3 scrolls of identify {@r1}
Miscellaneous
 w - a phantom mirror
   (You found it on level 2 of the Lair of Beasts)


   Skills:
 + Level 9.9 Fighting
 + Level 7.9(8.1) Short Blades
 - Level 2.4(5.6) Long Blades
 - Level 4.5 Throwing
 + Level 7.8 Armour
 - Level 2.9 Dodging
 + Level 7.2 Invocations
 + Level 6.6 Evocations


You had 11 spell levels left.
You didn't know any spells.
Your spell library contained the following spells:

 Spells                   Type           Power      Damage    Failure   Level
 Blink                    Tloc           N/A        N/A       100%        2
 Lesser Beckoning         Tloc           0%         N/A       100%        3
 Manifold Assault         Tloc           0%         N/A       100%        5


Dungeon Overview and Level Annotations

Branches:
Dungeon (8/15)             Temple (1/1) D:5            Lair (3/6) D:8
  Swamp: Lair:2-4    Shoals: Lair:2-4     Snake: Lair:2-4    Spider: Lair:2-4

Altars:
Ashenzari
Cheibriados
Dithmenos
Elyvilon
Fedhas
Gozag
Hepliaklqana
Kikubaaqudgha
Makhleb
Nemelex Xobeh
Okawaru
Qazlal
Ru
Sif Muna
Trog
Uskayaw
Vehumet
Wu Jian
Xom
Yredelemnul
Zin
The Shining One

Shops:
D:5 (

Annotations:
D:3 Grinder


Innate Abilities, Weirdness & Mutations

You are immune to poison.
Your flesh is cold resistant. (rC+)
You are immune to negative energy. (rN+++)
You are immune to unholy pain and torment.
You are vulnerable to heat. (rF-)
You do not drink.


Message History

The steam dragon barely misses you. x2
You barely miss the steam dragon.
You are engulfed in a cloud of scalding steam.
The rime drake breathes ice at you. The flash freeze misses you.
The steam dragon breathes steam at you. The ball of steam hits you!
The steam scalds you terribly!
* * * LOW HITPOINT WARNING * * *
You hear an angry hiss. x2
You hit the steam dragon but do no damage.
You drain the steam dragon. You hit the steam dragon.
You block the steam dragon's attack. x2
Your plate armour prevents you from hitting the steam dragon.
The steam dragon bites you.
* * * LOW HITPOINT WARNING * * *
The steam dragon closely misses you.
You hit the steam dragon.
You kill the steam dragon!
Makhleb accepts your kill.
You feel better.
The steam dragon scales are intact enough to wear.
A steam dragon comes into view. x2
You closely miss the rime drake.
The steam dragon hisses angrily. x2
The rime drake bites you but does no damage.
You enter the shallow water.
Moving in this stuff is going to be slow.
The steam dragon breathes steam at you. The ball of steam hits you.
The steam scalds you terribly!
* * * LOW HITPOINT WARNING * * *
The rime drake breathes ice at you. The flash freeze hits you.
You partially resist.
* * * LOW HITPOINT WARNING * * *
You are encased in ice.
The rime drake is engulfed in a cloud of scalding steam.
You block the rime drake's attack. The ice encasing you melts away.
The rime drake is engulfed in a cloud of scalding steam.
The rime drake bites you but does no damage.
The steam dragon breathes steam at you.
The ball of steam hits the steam dragon.
The steam dragon resists.
The ball of steam hits you!! The steam scalds you terribly!
* * * LOW HITPOINT WARNING * * *
The rime drake bites you but does no damage.
You hear an angry hiss.
You are engulfed in a cloud of scalding steam.
The rime drake breathes ice at you. The flash freeze hits you!!
You partially resist.
You die...

^.# #..####..#.######....
.##### #..####.††###.#......
.#...###..##..#≈............
.....##....P.≈.≈≈≈..........
.............≈≈≈≈≈≈≈..........P
.......#....≈≈≈≈≈≈≈≈..........#
.##P.......≈≈≈≈≈≈≈≈≈≈##.......#
#.#####...≈≈≈≈≈≈≈≈≈≈.≈# .......
.## #P...≈≈≈≈≈≈<@k≈≈..# .......
.####....P≈≈≈≈...D§≈..##.......
..#......#.≈≈≈≈≈≈≈§§§..........
........##..≈≈≈≈≈≈≈§§##[......#
#.#.....##≈≈≈≈≈≈≈≈.§§##.......#
####.........≈≈≈≈..#§.........#
.# #.............#..##D.!....##
.# ##......##............D...#
..P ##.##############.........#


You could see a rime drake (catching breath) and a steam dragon.

Vanquished Creatures
  2 hydras
  A catoblepas (Lair:2)
  A black mamba (Lair:1)
  6 elephants (Lair:3)
  4 cane toads
  A rime drake (Lair:3)
  4 komodo dragons
  2 polar bears
  13 blink frogs
  Sigmund (D:4)
  A spriggan (Lair:1)
  3 wyverns
  Eustachio (D:5)
  27 yaks
  A basilisk (Lair:1)
  2 steam dragons (Lair:3)
  Menkaure (D:6)
  Edmund (D:4)
  3 water moccasins
  An orc warrior (D:6)
  3 ice beasts (D:7)
  2 sky beasts
  A black bear (D:5)
  A necrophage (D:6)
  2 ogres
  2 centaurs
  4 phantoms
  A kobold brigand (D:6)
  7 bullfrogs
  A water moccasin zombie (D:6)
  3 scorpions
  10 killer bees
  4 wights (D:7)
  3 jellies
  3 howler monkeys
  A centaur zombie (D:7)
  An orc priest (D:4)
  2 bullfrog zombies
  A gnoll shaman (D:6)
  2 centaur skeletons (D:6)
  2 hounds
  Jessica (D:2)
  2 bullfrog skeletons
  5 iguanas
  Natasha (twice) (D:4)
  7 orc wizards
  7 adders
  7 gnolls
  2 howler monkey skeletons
  A shadow imp (D:6)
  2 white imps (D:6)
  4 ufetubi
  3 worms (D:2)
  A dart slug (D:2)
  23 orcs
  4 endoplasms
  2 giant cockroaches
  9 hobgoblins
  11 jackals
  9 kobolds
  3 quokkas
  9 ball pythons
  6 bats
  4 frilled lizards
  5 rats
261 creatures vanquished.

Vanquished Creatures (others)
  A rime drake (Lair:3)
  15 fungi
  25 plants
41 creatures vanquished.

Grand Total: 302 creatures vanquished

Notes
Turn   | Place    | Note
-------+----------+-------------------------------------------
     0 | D:1      | Lochraine the Mummy Gladiator began the quest for the Orb.
     0 | D:1      | Reached XP level 1. HP: 16/16 MP: 1/1
   330 | D:1      | Reached XP level 2. HP: 22/22 MP: 2/2
   916 | D:2      | Noticed Jessica
   938 | D:2      | Killed Jessica
   939 | D:2      | Reached XP level 3. HP: 18/28 MP: 3/3
  1077 | D:2      | Reached skill level 1 in Short Blades
  1316 | D:2      | Reached XP level 4. HP: 34/34 MP: 4/4
  1700 | D:3      | Reached skill level 3 in Fighting
  1750 | D:3      | Found a faded altar of an unknown god.
  2074 | D:3      | Found a stormy altar of Qazlal.
  2080 | D:3      | Noticed Grinder
  2089 | D:3      | Paralysed by Grinder for 7 turns
  2304 | D:3      | Noticed a sky beast
  2317 | D:3      | Killed a sky beast
  2318 | D:3      | Reached skill level 1 in Armour
  2318 | D:3      | Reached XP level 5. HP: 33/41 MP: 5/5
  2623 | D:4      | Noticed a phantom
  2655 | D:4      | Killed a phantom
  2656 | D:4      | Reached XP level 6. HP: 27/48 MP: 6/6
  3049 | D:4      | Reached skill level 4 in Fighting
  3382 | D:4      | Reached XP level 7. HP: 39/54 MP: 7/7
  3496 | D:4      | Noticed Natasha
  3524 | D:4      | Killed Natasha
  4187 | D:4      | Noticed Sigmund
  4192 | D:4      | Killed Sigmund
  4272 | D:4      | Noticed Natasha
  4277 | D:4      | Killed Natasha
  4329 | D:4      | Noticed Edmund
  4344 | D:4      | Killed Edmund
  4345 | D:4      | Reached skill level 5 in Fighting
  4345 | D:4      | Reached XP level 8. HP: 13/62 MP: 8/8
  4692 | D:5      | Entered Level 5 of the Dungeon
  4753 | D:5      | Noticed Eustachio
  4763 | D:5      | Killed Eustachio
  5630 | D:5      | Found a staircase to the Ecumenical Temple.
  5639 | Temple   | Entered the Ecumenical Temple
  5720 | Temple   | Became a worshipper of Makhleb the Destroyer
  6032 | D:5      | Found Acolahao's Weapon Shop.
  6240 | D:5      | Reached skill level 1 in Invocations
  6240 | D:5      | Reached skill level 1 in Evocations
  6669 | D:6      | Reached skill level 6 in Fighting
  6799 | D:6      | Reached XP level 9. HP: 66/69 MP: 10/10
  6842 | D:6      | Found a shimmering altar of Xom.
  7537 | D:6      | Found a sparkling altar of Nemelex Xobeh.
  7540 | D:6      | Found an ancient bone altar of Kikubaaqudgha.
  7540 | D:6      | Found an opulent altar of Gozag.
  7541 | D:6      | Found a basalt altar of Yredelemnul.
  7541 | D:6      | Found a broken altar of Ashenzari.
  7541 | D:6      | Found an iron altar of Okawaru.
  7720 | D:6      | Noticed Menkaure
  7729 | D:6      | Killed Menkaure
  7853 | D:6      | Found a radiant altar of Vehumet.
  7881 | D:6      | Reached skill level 5 in Short Blades
  8595 | D:7      | Reached * piety under Makhleb
  8772 | D:7      | Reached skill level 5 in Armour
  8965 | D:7      | Reached skill level 7 in Fighting
 10136 | D:8      | Reached XP level 10. HP: 78/79 MP: 12/12
 10310 | D:8      | Found a staircase to the Lair.
 10570 | D:8      | Found a blossoming altar of Fedhas.
 11551 | Lair:1   | Entered Level 1 of the Lair of Beasts
 11551 | Lair:1   | Noticed a four-headed hydra
 11560 | Lair:1   | Killed a four-headed hydra
 11799 | Lair:1   | Noticed a black mamba
 11826 | Lair:2   | Reached skill level 8 in Fighting
 11888 | Lair:2   | Reached ** piety under Makhleb
 11897 | Lair:2   | Reached skill level 5 in Invocations
 11985 | Lair:2   | Noticed an eight-headed hydra
 12009 | Lair:1   | Killed a black mamba
 12371 | Lair:1   | Reached XP level 11. HP: 84/87 MP: 14/14
 12605 | Lair:1   | Reached skill level 5 in Evocations
 13888 | Lair:2   | Reached skill level 9 in Fighting
 14473 | Lair:2   | Noticed a catoblepas
 14696 | Lair:2   | Identified a scroll of acquirement
 14696 | Lair:2   | Acquired a +2 cloak of stealth
 14784 | Lair:2   | Killed a catoblepas
 15469 | Lair:2   | Reached XP level 12. HP: 92/96 MP: 17/17
 15511 | Lair:2   | Noticed a seven-headed hydra
 15519 | Lair:2   | Killed a seven-headed hydra
 16227 | Lair:3   | Reached *** piety under Makhleb
 16419 | Lair:3   | Killed from afar by a rime drake

Illustrated notes

Levels and vault maps discovered:
D:1:      tarquinn_simple_flora_water_e, layout_basic, serial_bayou_pond_d,
          minmay_3d_cube
D:2:      layout_rooms, uniq_jessica
D:3:      layout_basic, grunt_qazlal_clouds,
          shapermc_ecumenical_altar_mp_urbaneastern, minmay_snake_closets,
          uniq_grinder
D:4:      minmay_door_path, layout_basic, uniq_edmund, uniq_natasha,
          uniq_sigmund
D:5:      layout_basic, minmay_temple_entry_overgrown, minmay_misc_feat_doors,
          palyth_stone_intersect, kennysheep_windowed_goal, uniq_eustachio
D:6:      wad_river_or_something, layout_loops_corners, kennysheep_mini_moat,
          grunt_temple_overflow_open, mainiacjoe_overflow_large_starburst,
          serial_rivers, chequers_serial_rivers_micro_c,
          chequers_serial_rivers_small_a, chequers_serial_rivers_room_b,
          chequers_serial_rivers_room_b, corexii_leaking_fountain,
          minmay_misc_feat_five, uniq_menkaure
D:7:      layout_gridville
D:8:      layout_basic, fedhas_altar_fruit_tree, david_lair_shrubbed,
          grunt_decor_mini_mirrors, feat_on_display
Temple:   cyrus_temple_forest
Lair:1:   layout_chaotic_city, grunt_forest_large_clearing_hut,
          grunt_megastairs_2, lemuel_fruit_fields
Lair:2:   layout_hall_layers, minivault_24
Lair:3:   layout_layer_cave, bobbens_dragon_lair_wall, serial_bayou_shore_a,
          grunt_megastairs_3, infiniplex_staircase_pool_2, serial_bayou_shore_b

Skill      XL: |  1  2  3  4  5  6  7  8  9 10 11 12 |
---------------+-------------------------------------+-----
Throwing       | 2 3 4 |  4.5
Short Blades   | 1 2 3 4 5 6 7 |  7.9
Fighting       | 3 4 5 6 7 8 9 |  9.9
Armour         | 1 2 3 4 5 6 7 |  7.8
Invocations    | 1 3 5 6 7 |  7.2
Evocations     | 1 3 4 6 |  6.6
Long Blades    | |  2.4
Dodging        | |  2.9

Action                   |  1- 3 |  4- 6 |  7- 9 | 10-12 || total
-------------------------+-------+-------+-------+-------++-------
Melee: Rapier            |   124 |   236 |   295 |       ||   655
       Long sword        |     8 |       |       |       ||     8
       Short sword       |       |       |   481 |  1101 ||  1582
Throw: Dart              |       |       |     6 |     1 ||     7
Invok: Minor Destruction |       |       |       |    19 ||    19
Evoke: Wand              |       |       |    11 |    18 ||    29
  Use: Scroll            |       |       |     6 |     4 ||    10
 Stab: Paralysed         |       |       |    13 |     3 ||    16
Armor: Ring mail         |    43 |       |       |       ||    43
       Plate armour      |    14 |    85 |   358 |   399 ||   856
Dodge: Dodged            |    70 |    60 |   351 |   378 ||   859
Block: Other             |       |       |    15 |   168 ||   183
       Rpst.: Long sword |     3 |       |       |       ||     3
